 Dungeon Crawl Stone Soup version 0.15-a0-1485-g692b94f (console) character file.

135 Sabretooth the Scratcher (level 4, -1/21 HPs)
             Began as a Felid Fighter on June 14, 2014.
             Slain by Blork the orc
             ... wielding a +0,+0 trident
              (13 damage)
             ... on Level 5 of the Dungeon.
             The game lasted 00:05:58 (1247 turns).

Sabretooth the Scratcher (Felid Fighter)            Turns: 1247, Time: 00:05:59

HP  -1/21        AC  1     Str 11      XL: 4   Next: 96%
MP   7/7         EV 19     Int 10      God:
Gold 76          SH  0     Dex 15      Spells:  0 memorised,  3 levels left
Lives: 0, deaths: 1

rFire  . . .     SeeInvis +       - Unarmed
rCold  . . .     Clarity  .     (armour unavailable)
rNeg   . . .     rCorr    .     (shield unavailable)
rPois  .         rRot     .     (helmet unavailable)
rElec  .         Spirit   .     (cloak unavailable)
SustAb +         Warding  .     (gloves unavailable)
rMut   .         Stasis   .     (boots unavailable)
Gourm  .                        (no amulet)
MR     .....                    h - +6,+3 ring of slaying
                                g - ring of sustain abilities

@: quick, not resistant to hostile enchantments, unstealthy
A: paw claws, no armour, no weapons or thrown items, fangs 3, see invisible,
carnivore 3, speed 1, shaggy fur 1, slow metabolism 2, spit poison 1, weak 1,
jump 1
a: Jump Attack, Spit Poison


You were on level 5 of the Dungeon.
You were full.

You visited 1 branch of the dungeon, and saw 5 of its levels.

You collected 76 gold pieces.

Inventory:

Comestibles
 c - a beef jerky
 d - a meat ration
Scrolls
 a - a scroll of enchant weapon II {unknown}
 b - 3 scrolls of remove curse {unknown}
 e - a scroll of teleportation {unknown}
 f - a scroll of blinking {unknown}
 j - 2 scrolls of identify
 l - 2 scrolls of enchant weapon I {unknown}
 m - 2 scrolls of fog {unknown}
 n - a scroll of enchant armour {unknown}
 o - a scroll of amnesia {unknown}
Jewellery
 g - a ring of sustain abilities (left paw)
 h - a +6,+3 ring of slaying (right paw)
Potions
 i - a potion of brilliance


   Skills:
 - Level 3.0 Fighting
 - Level 4.0 Dodging
 + Level 7.2 Unarmed Combat


You had 3 spell levels left.
You didn't know any spells.

Dungeon Overview and Level Annotations

Branches:
Dungeon (5/15)
 Temple: D:4-7

Altars:
Dithmenos
Makhleb
Nemelex Xobeh

Shops:
D:4 (   D:5 [

Annotations:
D:5 Blork the orc


Innate Abilities, Weirdness & Mutations

You cannot wear armour.
You are incapable of wielding weapons or throwing items.
Your paws have sharp claws.
You have razor-sharp teeth.
You have supernaturally acute eyesight.
You are carnivorous and can eat meat at any time.
You cover ground quickly.
You are covered in fur (AC +1).
You need consume almost no food.
You can jump attack at a short distance.
You can spit poison.
You are weak. (Str -2)


Message History

You closely miss Blork the orc. Your bite misses Blork the orc.
Blork the orc misses you.
You claw Blork the orc!
Blork the orc begins to bleed from his wounds!
Blork the orc is heavily wounded.
Blork the orc mumbles some strange words.
You feel a wave of unholy energy pass over you.
You scratch Blork the orc.
Blork the orc is severely wounded.
Blork the orc drinks a potion.
Blork the orc is healed!
You closely miss Blork the orc.
Blork the orc is heavily wounded.
Blork the orc casts a spell at you. The puff of frost hits you!
* * * LOW HITPOINT WARNING * * *
Drink which item? (? for menu, Esc to quit)
You feel better. Blork the orc barely misses you.
Blork the orc hits you with a trident!
Ouch! That really hurt!
You die...

###............# . ...
#....###...... .
....##...........####.
.........%....###....#
##.....###...........#
#..........8..∩..8...#
#....................#
#.....................
#...o@....###...####<#
#...[..#..# #...# #.#
#......#..###...####..
#......#..#.+...'...##
#......#..#.#...#####
........#........#
########.##.#.###
#.#.....##
###.#......#


You could see Blork the orc (bleeding).

Vanquished Creatures
  An ogre (D:4)
  A scorpion (D:4)
  2 worker ants (D:4)
  4 adders
  A worm (D:2)
  4 giant geckos
  An ooze (D:1)
  4 giant cockroaches
  5 goblins
  2 hobgoblins
  3 jackals (D:4)
  3 quokkas
  6 bats
  A giant newt (D:1)
  5 kobolds
  A kobold zombie (D:3)
  An orc skeleton (D:4)
  A rat (D:2)
46 creatures vanquished.

Notes
Turn   | Place    | Note
--------------------------------------------------------------
     0 | D:1      | Sabretooth, the Felid Fighter, began the quest for the Orb.
     0 | D:1      | Reached XP level 1. HP: 10/10 MP: 2/2
   136 | D:1      | Reached XP level 2. HP: 9/14 MP: 3/3
   415 | D:2      | Reached skill level 5 in Unarmed Combat
   428 | D:2      | Reached XP level 3. HP: 17/17 MP: 5/5
   435 | D:2      | Found a burning altar of Makhleb.
   435 | D:2      | Found a sparkling altar of Nemelex Xobeh.
   466 | D:3      | Found a shadowy altar of Dithmenos.
   671 | D:4      | Noticed an ogre
   674 | D:4      | Reached XP level 4. HP: 16/21 MP: 7/7
   678 | D:4      | Killed an ogre
   678 | D:4      | Reached skill level 6 in Unarmed Combat
   678 | D:4      | Reached XP level 5. HP: 18/24 MP: 8/8
   687 | D:4      | Found Brokh's Antique Weapon Emporium.
   791 | D:4      | Noticed a scorpion
   799 | D:4      | Killed a scorpion
   799 | D:4      | Reached skill level 7 in Unarmed Combat
   804 | D:4      | Gained mutation: You can spit poison. [potion of mutation]
   804 | D:4      | Gained mutation: You are weak. (Str -2) [potion of mutation]
   804 | D:4      | Gained mutation: You need consume almost no food. [potion of mutation]
  1076 | D:4      | Slain by an iguana
  1077 | D:4      | Reached XP level 4. HP: -3/21 MP: 7/7
  1177 | D:5      | Entered Level 5 of the Dungeon
  1183 | D:5      | Found Gaovam's Armour Emporium.
  1238 | D:5      | Noticed Blork the orc
  1247 | D:5      | Slain by Blork the orc

Action                   |  1- 3 |  4- 6 || total
-------------------------+-------+-------++-------
Melee: Unarmed           |    77 |    39 ||   116
 Abil: Spit Poison       |       |     2 ||     2
  Use: Potion            |     1 |     2 ||     3
       Scroll            |       |     4 ||     4
 Stab: Sleeping          |     1 |     2 ||     3
       Distracted        |       |     1 ||     1
